Map: Glittering Ashes LE

Players

GuMiho

  • Race: Terran Terran

Trap - Winner!

  • Race: Protoss Protoss

Event: TSL 8

VOD

Have the link to the VOD?

Description

Time

  • Played on: Nov. 26, 2021, 6:52 a.m.
  • Length: 6:33

All games in this series

Show
View Real Time Build Order
Export as new Build Order

GuMiho Terran 

Build Orders:  

Get SALT Encoding   

  12  0:00  SCV  
  13  0:12  SCV  
  14  0:17  Supply Depot  
  14  0:24  SCV  
  15  0:38  SCV  
  15  0:39  Barracks  
  16  0:45  Refinery  
  16  0:50  SCV  
  16  0:54  Refinery  
  17  1:02  SCV  
  18  1:14  SCV  
  19  1:26  Barracks Tech Lab, Orbital Command  
  19  1:39  Factory  
  19  1:44  Marauder  
  21  1:48  Supply Depot  
  22  1:58  Concussive Shells  
  22  2:07  Marauder  
  23  2:10  SCV  
  24  2:22  SCV  
  27  2:23  Hellion  
  27  2:27  Supply Depot  
  27  2:28  Marauder  
  29  2:34  SCV  
  30  2:49  Marauder, Hellion  
  30  2:51  SCV  
  35  3:06  Command Center  
  35  3:14  Marauder  
  35  3:19  SCV  
  35  3:30  Widow Mine  
  35  3:31  SCV  
  36  3:36  Marauder  
  38  3:44  SCV  
  39  3:54  Barracks  
  39  3:56  Barracks  
  39  3:57  Factory Tech Lab  
  39  4:17  SCV  
  34  4:26  Cyclone  
  34  4:29  Orbital Command  
  37  4:33  Starport, Bunker  
  33  4:39  Marauder, SCV  
  33  4:43  Barracks Tech Lab  
  33  4:44  Barracks Reactor  
  32  4:51  SCV  
  33  4:57  SCV  
  33  4:58  Siege Tank  
  37  5:00  Marauder  
  37  5:03  Marine  
  40  5:08  SCV  
  40  5:09  SCV  
  41  5:18  Starport Tech Lab  
  41  5:20  SCV  
  42  5:21  Marauder  
  42  5:22  Supply Depot  
  42  5:23  Marine  
  47  5:36  Marauder  
  40  5:42  Marine  
  40  6:00  Marine  
Show
View Real Time Build Order
Export as new Build Order

Trap Protoss - Winner!

Build Orders: Blink Stalkers, Dark Templar Rush 

Get SALT Encoding   

  12  0:00  Probe  
  13  0:12  Probe  
  14  0:17  Pylon  
  14  0:24  Probe (Chrono Boost)  
  15  0:36  Gateway, Probe (Chrono Boost)  
  16  0:44  Probe (Chrono Boost)  
  16  0:45  Assimilator  
  17  0:50  Probe  
  18  1:03  Probe  
  19  1:15  Probe  
  20  1:23  Zealot  
  20  1:24  Cybernetics Core  
  22  1:26  Pylon  
  22  1:27  Probe  
  23  1:50  Nexus  
  24  1:58  Assimilator  
  24  2:00  Stalker (Chrono Boost)  
  23  2:05  Probe  
  26  2:16  Shield Battery  
  26  2:18  Probe  
  26  2:21  Warp Gate  
  27  2:24  Stalker (Chrono Boost)  
  29  2:31  Probe  
  30  2:42  Twilight Council  
  30  2:44  Probe  
  31  2:59  Stalker (Chrono Boost)  
  31  3:01  Probe  
  31  3:04  Probe  
  35  3:10  Gateway  
  35  3:18  Probe x2  
  36  3:33  Probe x2  
  34  3:41  Blink (Chrono Boost)  
  34  3:42  Dark Shrine  
  34  3:44  Gateway  
  34  3:49  Probe x2  
  34  3:54  Pylon  
  36  4:01  Probe x2  
  38  4:09  Stalker  
  40  4:10  Stalker  
  42  4:18  Probe x2  
  44  4:30  Probe x2  
  44  4:34  Stalker x2  
  45  4:40  Stalker  
  45  4:42  Probe x2  
  45  4:45  Assimilator  
  48  4:50  Pylon  
  48  4:54  Probe x2  
  48  4:58  Dark Templar  
  52  5:06  Probe  
  52  5:07  Probe  
  54  5:14  Dark Templar  
  56  5:16  Nexus  
  56  5:19  Pylon  
  56  5:20  Probe x2  
  58  5:33  Dark Templar  
  58  5:36  Probe x2  
Tags
 
Add a new tag
Caveats
  • Supply blocks, unpowered buildings, or Contaminate may cause inaccurate times.
  • Supply counts are checked every 10 seconds.